 Dungeon Crawl Stone Soup version 0.28.0-45-g0d030f2227 (webtiles) character file.

Game seed: 841622450673209164

82 seaoflcl the Covered (level 4, -2/36 HPs)
             Began as a Human Fighter on Apr 24, 2022.
             Slain by an iguana (10 damage)
             ... on level 2 of the Dungeon.
             The game lasted 00:01:51 (2082 turns).

seaoflcl the Covered (Human Fighter)                Turns: 2082, Time: 00:01:52

Health: -2/36      AC:  8    Str: 18    XL:     4   Next: 70%
Magic:  4/4        EV:  9    Int:  9    God:
Gold:   63         SH:  4    Dex: 12    Spells: 3/3 levels left

rFire   x . .      SeeInvis .   a - +0 long sword
rCold   + . .      Faith    .   c - +0 buckler
rNeg    . . .      Spirit   .   b - +0 scale mail
rPois   .          Reflect  .   (no helmet)
rElec   .          Harm     .   (no cloak)
rCorr   .          Rampage  .   (no gloves)
Will    .....                   n - +0 pair of boots
Stlth   ..........              (no amulet)
HPRegen 0.12/turn               g - ring of ice
MPRegen 0.09/turn               (no ring)

@: very slow
A: no striking features
a: no special abilities


You were on level 2 of the Dungeon.
You visited 1 branch of the dungeon, and saw 2 of its levels.

You collected 63 gold pieces.

Inventory:

Hand Weapons
 a - a +0 long sword (weapon)
Missiles
 f - 6 javelins (quivered)
 l - 8 sling bullets
Armour
 b - a +0 scale mail (worn)
 c - a +0 buckler (worn)
 n - a +0 pair of boots (worn)
Jewellery
 g - a ring of ice (left hand)
Scrolls
 h - 2 scrolls of teleportation {unknown}
 j - a scroll of vulnerability {unknown}
 k - a scroll of identify {unknown}
 o - a scroll of fear {unknown}
 q - a scroll of summoning {unknown}
 r - a scroll of immolation {unknown}
Potions
 d - a potion of might
 e - a potion of resistance {unknown}
 i - a potion of curing {unknown}
 m - a potion of lignification {unknown}
 p - a potion of flight {unknown}


   Skills:
 + Level 3.6 Fighting
 + Level 2.8 Long Blades
 + Level 3.6 Armour
 + Level 3.6 Shields


You had 3 spell levels left.
You didn't know any spells.
Your spell library was empty.

Dungeon Overview and Level Annotations

Branches:
Dungeon (2/15)

Altars:


Message History

You slash the goblin!
You kill the goblin!
You hear a splash.
You hear a shout!
Things that are here:
a +0 club; a goblin corpse You block the iguana's attack.
Your unstable footing causes you to fumble your attack.
A nearby plant withers and dies.
The iguana bites you!
Your unstable footing causes you to fumble your attack.
The iguana bites you!
You are too injured to fight recklessly!
You are too injured to fight recklessly!
You are too injured to fight recklessly!
You are too injured to fight recklessly!
You are too injured to fight recklessly!
You are too injured to fight recklessly!
You are too injured to fight recklessly!
You are too injured to fight recklessly!
You are too injured to fight recklessly!
You are too injured to fight recklessly!
You are too injured to fight recklessly!
You are too injured to fight recklessly!
Things that are here:
a +0 club; a goblin corpse You closely miss the iguana.
The iguana bites you but does no damage.
You hit the iguana.
The iguana is moderately wounded.
The iguana bites you but does no damage. x2
Your unstable footing causes you to fumble your attack.
A goblin comes into view. It is wielding a +0 dagger.
The iguana bites you but does no damage.
Your unstable footing causes you to fumble your attack.
The goblin shouts!
The iguana bites you.
* * * LOW HITPOINT WARNING * * *
You slash the iguana!
The iguana is almost dead.
The iguana bites you!
You die...

#.###.≈##
##≈##(##..####.#
...#....#
#####.###.#.....##.#
..).....###....##
#...#...##.#
........'.'....#
#>......##.#
........#.'....#
#...##<....#
........###....##
#.#.###.####
..^#...≈#
#####.###.#####.#
#.###≈≈≈#
##≈##.......#
≈≈≈#≈≈.##
#≈@##########
≈≈≈≈≈.## #≈l≈#
≈≈≈≈P.# #≈≈.# ≈≈..
#≈.P# ≈g..# ....P#
...P.## ...P.##
P...P#


You could see an iguana and a goblin.

Vanquished Creatures
  3 adders (D:2)
  3 dart slugs
  A ball python (D:1)
  4 endoplasms
  3 giant cockroaches
  4 goblins
  5 hobgoblins (D:1)
  3 jackals (D:1)
  4 kobolds
  4 quokkas (D:1)
  5 bats
  3 frilled lizards
  2 rats (D:1)
44 creatures vanquished.

Vanquished Creatures (others)
  7 plants (D:2)
7 creatures vanquished.

Grand Total: 51 creatures vanquished

Notes
Turn   | Place    | Note
-------+----------+-------------------------------------------
     0 | D:1      | seaoflcl the Human Fighter began the quest for the Orb.
     0 | D:1      | Reached XP level 1. HP: 18/18 MP: 1/1
   137 | D:1      | Reached XP level 2. HP: 18/24 MP: 2/2
   373 | D:1      | Reached XP level 3. HP: 6/29 MP: 3/3
  1320 | D:2      | Reached XP level 4. HP: 27/35 MP: 4/4
  2082 | D:2      | Slain by an iguana

Illustrated notes

Levels and vault maps discovered:
D:1:      psy_arrival_radial01, layout_loops_ring, kennysheep_decorative_pillar
D:2:      wad_lake_hut, layout_basic

Action                   |  1- 3 |  4- 6 || total
-------------------------+-------+-------++-------
Melee: Long sword        |   102 |    76 ||   178
Armor: Scale mail        |    68 |    52 ||   120
Dodge: Dodged            |    63 |    52 ||   115
Block: Buckler           |    28 |    25 ||    53
